 Dungeon Crawl Stone Soup version 0.25-a0-464-g3004169c2b (webtiles) character file.

Game seed: 5702482062354566161, levelgen mode: deterministic

101 ChaosChampion the Magician (level 4, 0/24 HPs)
             Began as a Deep Elf Wizard on Feb 5, 2020.
             Slain by a river rat (9 damage)
             ... in a sewer.
             The game lasted 00:05:13 (1845 turns).

ChaosChampion the Magician (Deep Elf Wizard)        Turns: 1845, Time: 00:05:14

Health: 0/24       AC:  2    Str:  4    XL:     4   Next: 48%
Magic:  6/14       EV: 13    Int: 24    God:
Gold:   170        SH:  0    Dex: 13    Spells: 11/16 levels left

rFire    . . .     SeeInvis .   i - +1 dagger (freeze)
rCold    . . .     Gourm    .   (no shield)
rNeg     . . .     Faith    .   a - +0 robe
rPois    .         Spirit   .   b - +0 hat
rElec    .         Reflect  .   (no cloak)
rCorr    .         Harm     .   (no gloves)
MR       .....                  (no boots)
Stlth    ++........             (no amulet)
HPRegen  0.08/turn              (no ring)
MPRegen  0.14/turn              (no ring)

@: very slightly contaminated
A: no striking features
a: no special abilities


You were in a sewer.
You were hungry.

You visited 1 branch of the dungeon, and saw 3 of its levels.
You also visited: Sewer.

You collected 170 gold pieces.

Inventory:

Hand Weapons
 i - a +1 dagger of freezing (weapon)
 p - a +1 vampiric dagger
Missiles
 f - 27 poisoned darts (quivered)
Armour
 a - a +0 robe (worn)
 b - a +0 hat (worn)
 l - a +0 chain mail
Jewellery
 r - an uncursed ring of positive energy {unknown}
Scrolls
 c - a scroll of enchant armour {unknown}
 e - 3 scrolls of remove curse {unknown}
 h - a scroll of enchant weapon {unknown}
 j - a scroll of amnesia {unknown}
 k - a scroll of noise {unknown}
 n - 3 scrolls of identify {unknown}
 q - a scroll of magic mapping {unknown}
 t - a scroll of fear {unknown}
 u - a scroll of teleportation {unknown}
Potions
 g - 2 potions of brilliance {unknown}
 m - 2 potions of agility {unknown}
 o - a potion of flight {unknown}
 s - 2 potions of curing {unknown}
Comestibles
 d - 6 rations


   Skills:
 - Level 2.4 Dodging
 - Level 2.4 Stealth
 * Level 6.5 Spellcasting
 + Level 2.8 Conjurations
 - Level 1.1 Summonings
 - Level 1.1 Translocations


You had 11 spell levels left.
You knew the following spells:

 Your Spells              Type           Power        Failure   Level  Hunger
a - Magic Dart            Conj           ###.         2%          1    None
b - Blink                 Tloc           N/A          8%          2    None
c - Call Imp              Summ           ##......     8%          2    None

Your spell library contained the following spells:

 Spells                   Type           Power        Failure   Level  Hunger
 Slow                     Hex            #.......     12%         2    None
 Conjure Flame            Conj/Fire      ##......     13%         3    None
 Mephitic Cloud           Conj/Pois/Air  ##......     16%         3    None


Dungeon Overview and Level Annotations

Branches:
Dungeon (3/15)              Sewer (1/1)

Altars:
Gozag
Trog


Message History

Confirm with . or Enter, or press ? or * to list all spells.
A beastly little devil appears in a puff of flame.
The ball python barely misses you. x2; The river rat bites you!
Unknown command.
You enter the shallow water.
Moving in this stuff is going to be slow.
The ball python bites you but does no damage.
The ball python closely misses you.
Your crimson imp blinks!
Casting: Call Imp (safe; 8% risk of failure)
Confirm with . or Enter, or press ? or * to list all spells.
Aiming: Magic Dart (safe; 2% risk of failure)
Press: ? - help, Shift-Dir - straight line, f/p - river rat
Aim: a river rat (moderately wounded)
The magic dart hits the river rat.
The river rat is heavily wounded.
The ball python barely misses you. The ball python misses you.
Your crimson imp closely misses the ball python.
The river rat bites you!
You die...

##.### ## #.#..# #.###S##.#
#.#†...## #.####.# ##.# #
##################.#########
...≈...≈≈≈.≈r≈...≈....≈≈.≈≈#
...≈≈.≈≈≈≈.@S5.≈≈...≈....≈≈#
######≈####################
#≈# #≈# #.# #≈# #≈# #≈# #≈#


You could see a river rat, a ball python and a friendly crimson imp.

Vanquished Creatures
  2 adders (D:3)
  A river rat (Sewer)
  An ooze (D:2)
  A dart slug (D:1)
  4 leopard geckos
  A ball python (D:3)
  4 giant cockroaches
  6 goblins
  7 hobgoblins
  6 kobolds
  6 bats
  10 frilled lizards
  7 rats
56 creatures vanquished.

Vanquished Creatures (collateral kills)
  An adder (Sewer)
  A quokka (D:2)
2 creatures vanquished.

Grand Total: 58 creatures vanquished

Notes
Turn   | Place    | Note
-------+----------+-------------------------------------------
     0 | D:1      | ChaosChampion the Deep Elf Wizard began the quest for the
                  | Orb.
     0 | D:1      | Reached XP level 1. HP: 10/10 MP: 7/7
   133 | D:1      | Reached XP level 2. HP: 15/15 MP: 2/9
   225 | D:1      | Learned a level 2 spell: Blink
   228 | D:1      | Learned a level 2 spell: Call Imp
   234 | D:1      | Reached skill level 5 in Spellcasting
   836 | D:2      | Reached XP level 3. HP: 18/19 MP: 8/12
   968 | D:2      | Found an opulent altar of Gozag.
  1232 | D:2      | Found a bloodstained altar of Trog.
  1425 | D:3      | Reached skill level 6 in Spellcasting
  1585 | D:3      | Reached XP level 4. HP: 24/24 MP: 8/14
  1609 | D:3      | Found a glowing drain.
  1659 | Sewer    | Entered a sewer
  1845 | Sewer    | Slain by a river rat

Levels and vault maps discovered:
D:1:      ncdulo_smallfort, layout_basic
D:2:      layout_rooms, bloody_trog,
          nicolae_gozag_cash_rules_everything_around_me
D:3:      layout_basic, nicolae_qazlal_general_emergency, portal_sewer_entry_f,
          first_ration, kennysheep_generic_room_13, uniq_grinder
Sewer:    sewer_co_cracked_pipes

Skill      XL: |  1  2  3 |
---------------+----------+-----
Spellcasting   | 5 6 |  6.5
Conjurations   | 2 |  2.8
Dodging        | |  2.4
Stealth        | |  2.4
Summonings     | |  1.1
Translocations | |  1.1

Action                   |  1- 3 |  4- 6 || total
-------------------------+-------+-------++-------
Melee: Unarmed           |     9 |       ||     9
       Dagger            |     5 |     7 ||    12
 Cast: Magic Dart        |   104 |    28 ||   132
       Call Imp          |     3 |     3 ||     6
  Eat: Chunk             |     1 |     1 ||     2
Armor: Robe              |     4 |     5 ||     9
Dodge: Dodged            |    24 |    32 ||    56

Table legend:
 A = Non-vault XP
 B = Vault XP
 C = Vault XP percentage of total XP
 D = Non-vault monster count
 E = Vault monster count
 F = Vault count percentage of total count
                 A         B        C        D         E       F
            +---------+---------+-------+---------+---------+-------
      Total |     113 |      32 |  22.1 |      51 |       7 |  12.1
            +---------+---------+-------+---------+---------+-------
        D:1 |      40 |       0 |   0.0 |      24 |       0 |   0.0
        D:2 |      32 |       0 |   0.0 |      16 |       0 |   0.0
        D:3 |      41 |       5 |  10.9 |      11 |       2 |  15.4
      Sewer |       0 |      27 | 100.0 |       0 |       5 | 100.0
            +---------+---------+-------+---------+---------+-------
